 Dungeon Crawl Stone Soup version 0.25-a0-420-g1cc7eeb0d1 (webtiles) character file.

Game seed: 8701825742647723526, levelgen mode: deterministic

1619 BeastOfSaturn the Insei (level 8, 0/57 HPs)
             Began as a Demonspawn Transmuter on Jan 18, 2020.
             Slain by an ogre
             ... wielding a +0 giant spiked club
              (24 damage)
             ... on level 5 of the Dungeon.
             The game lasted 00:27:04 (7535 turns).

BeastOfSaturn the Insei (Demonspawn Transmuter)     Turns: 7535, Time: 00:27:05

Health: 0/57       AC:  2    Str: 16    XL:     8   Next: 64%
Magic:  7/13       EV: 21    Int: 18    God:
Gold:   199        SH:  0    Dex: 18    Spells: 5/14 levels left

rFire    . . .     SeeInvis .     - Unarmed
rCold    . . .     Gourm    +   (shield currently unavailable)
rNeg     . . .     Faith    .   (armour currently unavailable)
rPois    x         Spirit   .   (helmet currently unavailable)
rElec    .         Reflect  .   (cloak currently unavailable)
rCorr    .         Harm     .   (gloves currently unavailable)
MR       .....                  (boots currently unavailable)
Stlth    ++++......             o - amulet of the gourmand
HPRegen  0.19/turn              i - +3 ring of intelligence
MPRegen  0.13/turn              t - +3 ring of strength

@: spider-form
A: tiny, rugged brown scales 1, demonic guardian 1, nightstalker 1
a: End Transformation


You were on level 5 of the Dungeon.
You were not hungry.
You were a venomous arachnid creature.
You visited 1 branch of the dungeon, and saw 5 of its levels.

You collected 199 gold pieces.

Inventory:

Hand Weapons
 j - a +3 dagger of electrocution
 B - a +1 rapier of freezing
Missiles
 a - 30 arrows
 s - 6 atropa-tipped darts (quivered)
Armour
 b - a +0 robe (melded)
 n - a scarf of spirit shield (melded)
 A - a +2 hat of see invisible (melded)
Jewellery
 i - a +3 ring of intelligence (left front leg)
 m - an uncursed ring of ice
 o - an amulet of the gourmand (around neck)
 q - an uncursed ring of magical power
 t - a +3 ring of strength (right front leg)
 C - an uncursed ring of wizardry {unknown}
Scrolls
 f - a scroll of enchant armour {unknown}
 g - a scroll of enchant weapon
 l - a scroll of fear
 p - a scroll of fog
 r - a scroll of amnesia {unknown}
 v - 2 scrolls of teleportation {unknown}
 y - a scroll of identify
Potions
 c - a potion of haste
 e - a potion of curing {unknown}
 h - a potion of heal wounds {unknown}
 k - a potion of brilliance {unknown}
 u - a potion of mutation {unknown}
 w - 2 potions of might {unknown}
 x - a potion of resistance {unknown}
 z - 2 potions of lignification {unknown}
Comestibles
 d - 6 rations


   Skills:
 + Level 2.3 Fighting
 - Level 0.3 Short Blades
 + Level 3.4 Dodging
 + Level 3.0 Stealth
 * Level 7.6 Unarmed Combat
 + Level 3.9 Spellcasting
 + Level 3.8 Transmutations
 + Level 1.4 Poison Magic


You had 5 spell levels left.
You knew the following spells:

 Your Spells              Type           Power        Failure   Level  Hunger
a - Beastly Appendage     Tmut           ###...       11%         1    None
b - Spider Form           Tmut/Pois      ##........   34%         3    ###....
c - Blade Hands           Tmut           ###.......   82%         5    ######.

Your spell library contained the following spells:

 Spells                   Type           Power        Failure   Level  Hunger
 Sticks to Snakes         Tmut           ###.....     14%         2    ##.....
 Ice Form                 Ice/Tmut       ##......     77%         4    ####...


Dungeon Overview and Level Annotations

Branches:
Dungeon (5/15)
 Temple: D:4-7

Altars:
Ashenzari
Fedhas
Kikubaaqudgha
Ru
Wu Jian
Xom


Innate Abilities, Weirdness & Mutations

((You have large cloven feet.))
(You are partially covered in rugged brown scales. (AC +1, +3% HP))
A weak demonic guardian rushes to your aid.
You are slightly more attuned to the shadows.


Message History

You kill the ice beast!
The ogre shouts!
Casting: Beastly Appendage (safe; 3% risk of failure)
Confirm with . or Enter, or press ? or * to list all spells.
Your horns disappear.
You turn into a venomous arachnid creature.
Your scarf of spirit shield melds into your body.
Your +2 hat of see invisible melds into your body.
Your +0 robe melds into your body.
You feel strangely alone.
You feel less perceptive.
You hit the ogre but do no damage.
The ogre hits you with a +0 giant spiked club!
You hit the ogre.
The ogre is poisoned.
The ogre is lightly wounded.
Your white imp hits the ogre.
Your white imp freezes the ogre.
A leopard gecko skeleton comes into view.
You bite the ogre!
The ogre is severely wounded.
The ogre hits you with a +0 giant spiked club!!
You die...

###### ..........
...... ..........
..###. # .. ........ #.
# .... ## .....# #. #
.... .. #...# #.
##.....
####.##...############.
....$>.
Z....Os5...............
..#....
##.##.5.......#######..
..#.... #.........# #..
Z...... ...........#
### .......
###.........# ......#
...######### ......#
### ##'#..) .)....#


You could see an ogre, a leopard gecko skeleton, a friendly white imp and a
friendly ufetubus.

Vanquished Creatures
  A yak (D:5)
  2 ice beasts (D:5)
  A phantom (D:5)
  3 ogres
  Blork the orc (D:4)
  A crimson imp (D:5)
  A bullfrog zombie (D:5)
  A hound (D:4)
  A centaur zombie (D:5)
  2 orc priests (D:4)
  A gnoll shaman (D:4)
  An orc wizard (D:4)
  3 worker ants
  2 hound skeletons
  3 gnolls (D:4)
  8 adders
  2 worms
  6 dart slugs
  3 leopard geckos
  6 orcs
  2 ball pythons
  5 giant cockroaches
  4 goblins
  9 hobgoblins
  3 quokkas
  5 bats
  2 frilled lizards (D:1)
  5 kobolds
  A leopard gecko skeleton (D:5)
  A quokka zombie (D:5)
  4 rats
90 creatures vanquished.

Vanquished Creatures (collateral kills)
  2 yaks
  Eustachio (D:5)
  A phantom (D:4)
  An orc wizard (D:4)
  An iguana (D:4)
  A worker ant (D:4)
  A giant cockroach (D:4)
8 creatures vanquished.

Grand Total: 98 creatures vanquished

Notes
Turn   | Place    | Note
-------+----------+-------------------------------------------
     0 | D:1      | BeastOfSaturn the Demonspawn Transmuter began the quest for
                  | the Orb.
     0 | D:1      | Reached XP level 1. HP: 15/15 MP: 3/3
    72 | D:1      | Reached skill level 3 in Unarmed Combat
   376 | D:1      | Gained mutation: A weak demonic guardian rushes to your
                  | aid. [demonic ancestry]
   376 | D:1      | Reached XP level 2. HP: 20/21 MP: 3/5
  1325 | D:2      | Gained mutation: You have large cloven feet. [demonic
                  | ancestry]
  1325 | D:2      | Reached XP level 3. HP: 10/26 MP: 6/6
  1602 | D:2      | Learned a level 3 spell: Spider Form
  2628 | D:2      | Reached XP level 4. HP: 32/32 MP: 5/7
  2868 | D:2      | Found an ornate altar of the Wu Jian Council.
  2870 | D:2      | Found a shimmering altar of Xom.
  2871 | D:2      | Found a shattered altar of Ashenzari.
  3218 | D:3      | Found a blossoming altar of Fedhas.
  3220 | D:3      | Found a faded altar of an unknown god.
  4444 | D:4      | Gained mutation: You are slightly more attuned to the
                  | shadows. [demonic ancestry]
  4444 | D:4      | Reached XP level 5. HP: 6/37 MP: 2/8
  4522 | D:4      | Reached skill level 4 in Unarmed Combat
  4845 | D:4      | Noticed Blork the orc
  4915 | D:4      | Reached skill level 1 in Stealth
  4917 | D:4      | Found a sacrificial altar of Ru.
  5041 | D:4      | Gained mutation: You are partially covered in rugged brown
                  | scales. (AC +1, +3% HP) [demonic ancestry]
  5041 | D:4      | Reached XP level 6. HP: 12/44 MP: 0/10
  5547 | D:4      | Found an ancient bone altar of Kikubaaqudgha.
  6024 | D:4      | Reached skill level 5 in Unarmed Combat
  6036 | D:4      | Reached XP level 7. HP: 27/50 MP: 5/11
  6306 | D:4      | Killed Blork the orc
  6393 | D:5      | Entered Level 5 of the Dungeon
  6407 | D:5      | Noticed a yak
  6411 | D:5      | Noticed a yak
  6414 | D:5      | Noticed a yak
  6423 | D:5      | Killed a yak
  6423 | D:5      | Reached skill level 6 in Unarmed Combat
  6423 | D:5      | Reached skill level 1 in Poison Magic
  6643 | D:4      | Killed a yak
  6643 | D:4      | Reached XP level 8. HP: 10/57 MP: 7/13
  7140 | D:5      | Noticed Eustachio
  7152 | D:5      | Killed Eustachio
  7152 | D:5      | Reached skill level 7 in Unarmed Combat
  7341 | D:5      | Learned a level 5 spell: Blade Hands
  7535 | D:5      | Slain by an ogre

Levels and vault maps discovered:
D:1:      kennysheep_arrival_forest, layout_basic
D:2:      layout_basic, grunt_temple_overflow_open, first_ration,
          chequers_serial_rivers_large_b
D:3:      layout_loops_ring, fedhas_altar_1,
          chequers_ecumenical_altar_simple_redux
D:4:      layout_basic, lemuel_crystal_altar, kiku_gazebo_pond_becter,
          uniq_blork_the_orc
D:5:      layout_basic, basic_altar, uniq_eustachio

Skill      XL: |  1  2  3  4  5  6  7  8 |
---------------+-------------------------+-----
Unarmed Combat | 3 4 5 6 7 |  7.6
Transmutations | 2 3 |  3.8
Dodging        | 2 3 |  3.4
Stealth        | 1 2 3 |  3.0
Spellcasting   | 3 |  3.9
Fighting       | 2 |  2.3
Poison Magic   | 1 |  1.4
Short Blades   | |  0.3

Action                   |  1- 3 |  4- 6 |  7- 9 || total
-------------------------+-------+-------+-------++-------
Melee: Unarmed           |    64 |   137 |   108 ||   309
       Headbutt          |    16 |    16 |    18 ||    50
       Kick              |     9 |    29 |    18 ||    56
       Dagger            |    52 |    13 |       ||    65
       Punch             |     2 |     1 |     3 ||     6
 Cast: Beastly Appendage |    18 |    18 |    11 ||    47
       Spider Form       |     2 |    10 |     6 ||    18
  Use: Scroll            |     4 |     3 |     4 ||    11
 Stab: Sleeping          |       |     3 |     2 ||     5
       Distracted        |       |     4 |     1 ||     5
  Eat: Ration            |     2 |     2 |     1 ||     5
       Chunk             |     7 |       |     3 ||    10
Armor: Robe              |     9 |    12 |     9 ||    30
       Skin              |     2 |     6 |       ||     8
Dodge: Dodged            |    71 |    78 |    76 ||   225

Table legend:
 A = Non-vault XP
 B = Vault XP
 C = Vault XP percentage of total XP
 D = Non-vault monster count
 E = Vault monster count
 F = Vault count percentage of total count
                 A         B        C        D         E       F
            +---------+---------+-------+---------+---------+-------
      Total |    2076 |     237 |  10.2 |      96 |       2 |   2.0
            +---------+---------+-------+---------+---------+-------
        D:1 |      25 |       0 |   0.0 |      14 |       0 |   0.0
        D:2 |      79 |       0 |   0.0 |      20 |       0 |   0.0
        D:3 |     232 |       0 |   0.0 |      22 |       0 |   0.0
        D:4 |     749 |      91 |  10.8 |      23 |       1 |   4.2
        D:5 |     991 |     146 |  12.8 |      17 |       1 |   5.6
            +---------+---------+-------+---------+---------+-------
